 Dungeon Crawl Stone Soup version 0.30-a0-986-g7f2e898f52 (webtiles) character file.

Game seed: 6227098949624492037

3361 tilp the Covert (level 9, -1/68 HPs)
             Began as a Vampire Enchanter on Apr 1, 2023.
             Was a Believer of Wu Jian.
             Slain by a two-headed ogre
             ... wielding a +0 giant club
              (17 damage)
             ... on level 9 of the Dungeon.
             The game lasted 00:14:59 (9277 turns).

tilp the Covert (Vampire Enchanter)                 Turns: 9277, Time: 00:14:59

Health: -1/68      AC:  3    Str:  7    XL:     9   Next: 73%
Magic:  10/16      EV: 12    Int: 22    God:    Wu Jian [**....]
Gold:   556        SH:  4    Dex: 14    Spells: 9/17 levels left

rFire   . . .      SeeInvis +    a - +2 dagger (spect)
rCold   . . .      Faith    .    t - +0 buckler
rNeg    . . .      Spirit   .    j - +1 robe {Will+}
rPois   .          Reflect  .    (no helmet)
rElec   .          Rampage  .    (no cloak)
rCorr   .                        (no gloves)
Will    ++...                    (no boots)
Stlth   ++++                     (no amulet)
HPRegen 0.51/turn                y - ring of willpower
MPRegen 0.15/turn                (no ring)

@: healing quickly
A: alive, fangs 3, see invisible, vampiric 2
a: Exsanguinate, Renounce Religion, Wall Jump


You were on level 9 of the Dungeon.
You worshipped Wu Jian.
Wu Jian was pleased with you.
You visited 2 branches of the dungeon, and saw 10 of its levels.

You collected 556 gold pieces.

Inventory:

Hand Weapons
 a - a +2 spectral dagger (weapon)
 b - a +3 long sword
 A - a +2 antimagic dagger
 E - a +4 falchion
 H - a +4 great sword
Missiles
 e - 87 stones (quivered)
 v - 24 poisoned darts
 x - 7 boomerangs
 B - 2 atropa-tipped darts
Armour
 j - a +1 robe of willpower (worn)
 t - a +0 buckler (worn)
Jewellery
 d - a ring of ice
 y - a ring of willpower (left hand)
Wands
 l - a wand of charming (5)
 s - a wand of flame (25)
 w - a wand of roots (6)
 D - a wand of mindburst (27)
Scrolls
 p - 2 scrolls of immolation
 u - a scroll of amnesia
 z - a scroll of butterflies
 C - a scroll of teleportation
 F - a scroll of magic mapping
 G - a scroll of poison
Potions
 c - 4 potions of invisibility
 f - a potion of haste {unknown}
 g - 4 potions of curing
 h - 2 potions of cancellation
 i - 2 potions of flight {unknown}
 k - 3 potions of lignification {unknown}
 m - 3 potions of heal wounds {unknown}
 n - a potion of mutation {unknown}
 o - a potion of ambrosia {unknown}
 q - 5 potions of brilliance
 r - 4 potions of might {unknown}


   Skills:
 * Level 5.3 Fighting
 * Level 7.3 Short Blades
 + Level 1.9 Throwing
 + Level 3.6 Dodging
 + Level 9.0 Stealth
 - Level 2.0 Shields
 * Level 4.7 Spellcasting
 + Level 8.9 Hexes
 - Level 2.0 Ice Magic
 + Level 2.1 Evocations


You had 9 spell levels left.
You knew the following spells:

 Your Spells              Type           Power      Damage    Failure   Level
a - Ensorcelled Hibernat  Hex/Ice        58%        N/A       2%          2
b - Confusing Touch       Hex            44%        N/A       1%          3
c - Tukima's Dance        Hex            44%        N/A       1%          3

Your spell library contained the following spells:

 Spells                   Type           Power      Damage    Failure   Level
 Dazzling Flash           Conj/Hex       48%        N/A       7%          3
 Apportation              Tloc           10%        N/A       14%         1
 Kiss of Death            Conj/Necr      20%        2d7       14%         1
 Necrotise                Necr           20%        1d5       14%         1
 Summon Small Mammal      Summ           20%        N/A       14%         1
 Passwall                 Tmut/Erth      4%         N/A       21%         2
 Swiftness                Air            5%         N/A       38%         3
 Yara's Violent Unravell  Hex/Tmut       12%        3d7       52%         5
 Animate Dead             Necr           5%         N/A       80%         4
 Dispel Undead            Necr           5%         3d7       80%         4
 Borgnjor's Vile Clutch   Necr/Erth      2%         N/A       98%         5
 Irradiate                Conj/Tmut      2%         3d12      98%         5
 Death Channel            Necr           2%         N/A       100%        6


Dungeon Overview and Level Annotations

Branches:
Dungeon (9/15)             Temple (1/1) D:4
   Lair: D:8-11         Orc: D:9-12

Altars:
Ashenzari
Cheibriados
Dithmenos
Fedhas
Gozag
Hepliaklqana
Kikubaaqudgha
Makhleb
Nemelex Xobeh
Okawaru
Qazlal
Ru
Sif Muna
Trog
Uskayaw
Vehumet
Wu Jian
Xom
Yredelemnul

Shops:
D:1 (


Innate Abilities, Weirdness & Mutations

Your natural rate of healing is accelerated.
You have razor-sharp teeth.
You have supernaturally acute eyesight. (SInv)
You are afflicted with vampirism and can become a bat while bloodless.


Message History

The two-headed ogre shouts in stereo!
The yak gores the plant!!
The plant begins to die.
A black bear comes into view.
You hear a bellow!
Casting: Ensorcelled Hibernation (safe; 2% risk of failure)
Confirm with . or Enter, or press ? or * to list all spells.
Aiming: Ensorcelled Hibernation (safe; 2% risk of failure)
Press: ? - help, Shift-Dir - straight line, f - two-headed ogre
Aim: a two-headed ogre, wielding a +0 giant club and a +0 giant spiked club (chance to affect: 41%)
The two-headed ogre resists with some effort.
The yak gores the plant.
Unknown command.
Casting: Ensorcelled Hibernation (safe; 2% risk of failure)
Confirm with . or Enter, or press ? or * to list all spells.
Aiming: Ensorcelled Hibernation (safe; 2% risk of failure)
Press: ? - help, Shift-Dir - straight line, f/p - two-headed ogre
Aim: a two-headed ogre, wielding a +0 giant club and a +0 giant spiked club (chance to affect: 41%)
The two-headed ogre resists with some effort.
The two-headed ogre misses you. The two-headed ogre closely misses you.
A yak comes into view.
The yak moves out of view.
Casting: Ensorcelled Hibernation (safe; 2% risk of failure)
Confirm with . or Enter, or press ? or * to list all spells.
Your hands begin to glow red.
You hit the two-headed ogre but do no damage.
The two-headed ogre appears confused.
You bite the two-headed ogre, but do no damage.
The two-headed ogre screams, "I'll kill you anyway!"
The two-headed ogre hits you with a +0 giant club!!
The two-headed ogre hits you with a +0 giant spiked club!!
* * * LOW HITPOINT WARNING * * *
You hit the two-headed ogre.
The two-headed ogre is lightly wounded.
Your +2 spectral dagger hits the two-headed ogre.
You strike the helpless two-headed ogre from behind!
You impale the two-headed ogre!!
The two-headed ogre is severely wounded.
Your +2 spectral dagger hits the two-headed ogre but does no damage.
The two-headed ogre hits you with a +0 giant club!
You die... ..PY #... ..PP .... hP.P.

.... ..... .#.# #########
.....# .#.# #.......##
#...#
.#.######.#####..###...####
.#.#...##.# #.@OYh....[..
.#......#.# #.(###...####
..........#####..# #.##
.<............≈/≈# .#
####...#######≈.≈# # ##.##
#≈.≈# #.# #≈≈≈# #.# ##..#
#.#


You could see a two-headed ogre (confused), a yak, a black bear and a friendly
+2 spectral dagger (summoned).

Vanquished Creatures
  Sigmund (D:2)
  2 wyverns (D:9)
  3 ice beasts
  2 sky beasts
  A black bear (D:5)
  2 orc warriors
  An ogre (D:6)
  A centaur (D:6)
  2 kobold brigands
  2 bullfrogs
  2 gnoll sergeants
  2 scorpions
  12 wights
  7 orc priests
  3 hounds
  Jessica (D:2)
  An iguana (D:4)
  3 orc wizards
  11 adders
  17 gnolls
  A white imp (D:6)
  2 worms
  4 dart slugs
  17 orcs
  5 endoplasms
  6 giant cockroaches
  6 goblins
  2 hobgoblins (D:4)
  3 quokkas
  5 ball pythons
  6 bats
  A frilled lizard (D:1)
  12 kobolds
  8 rats
154 creatures vanquished.

Vanquished Creatures (collateral kills)
  2 wights
2 creatures vanquished.

Vanquished Creatures (others)
  A dancing weapon (D:8)
  4 fungi (D:9)
  4 plants (D:9)
9 creatures vanquished.

Grand Total: 165 creatures vanquished

Notes
Turn   | Place    | Note
-------+----------+-------------------------------------------
     0 | D:1      | tilp the Vampire Enchanter began the quest for the Orb.
     0 | D:1      | Reached XP level 1. HP: 13/13 MP: 3/3
   246 | D:1      | Found a faded altar of an unknown god.
   354 | D:1      | Reached XP level 2. HP: 15/20 MP: 5/5
   466 | D:1      | Found Atawirr's Weapon Boutique.
   675 | D:1      | Learned a level 2 spell: Ensorcelled Hibernation
   910 | D:2      | Reached skill level 1 in Fighting
   910 | D:2      | Gained mutation: You are afflicted with vampirism and can
                  | become a bat while bloodless. [Vampire growth]
   910 | D:2      | Reached XP level 3. HP: 23/26 MP: 1/6
  1038 | D:2      | Reached skill level 5 in Stealth
  1165 | D:2      | Noticed Sigmund
  1297 | D:2      | Learned a level 3 spell: Confusing Touch
  1407 | D:2      | Killed Sigmund
  1408 | D:2      | Reached skill level 5 in Hexes
  1408 | D:2      | Reached XP level 4. HP: 8/34 MP: 3/8
  1408 | D:2      | Reached XP level 5. HP: 10/39 MP: 3/9
  1691 | D:2      | Noticed Jessica
  1703 | D:2      | Killed Jessica
  1940 | D:2      | Learned a level 3 spell: Tukima's Dance
  1952 | D:3      | Found an iron altar of Okawaru.
  2343 | D:3      | Reached XP level 6. HP: 46/46 MP: 10/10
  3109 | D:4      | Found a staircase to the Ecumenical Temple.
  3114 | Temple   | Entered the Ecumenical Temple
  3230 | Temple   | Became a worshipper of the Wu Jian Council
  3355 | D:4      | Reached skill level 6 in Stealth
  3889 | D:5      | Entered Level 5 of the Dungeon
  4057 | D:5      | Reached XP level 7. HP: 52/52 MP: 6/11
  4290 | D:5      | Found an ancient bone altar of Kikubaaqudgha.
  4559 | D:5      | Found a broken altar of Ashenzari.
  5137 | D:6      | Reached skill level 5 in Short Blades
  5152 | D:6      | Reached skill level 7 in Stealth
  5347 | D:6      | Reached XP level 8. HP: 60/60 MP: 4/12
  5956 | D:6      | Reached skill level 8 in Stealth
  6059 | D:6      | Found a shadowy altar of Dithmenos.
  6059 | D:6      | Found a shimmering altar of Xom.
  6059 | D:6      | Found a burning altar of Makhleb.
  6066 | D:6      | Found a sacrificial altar of Ru.
  6068 | D:6      | Found a radiant altar of Vehumet.
  6143 | D:6      | Reached * piety under Wu Jian
  6686 | D:7      | Reached skill level 1 in Ice Magic
  7096 | D:7      | Reached skill level 1 in Throwing
  7096 | D:7      | Reached skill level 1 in Shields
  7313 | D:8      | Reached skill level 1 in Evocations
  7611 | D:8      | Reached XP level 9. HP: 62/66 MP: 9/14
  7957 | D:8      | Found a basalt altar of Yredelemnul.
  8234 | D:8      | Got the Elucidation of the Charnel House and Reconstruction
  8662 | D:9      | Reached skill level 5 in Fighting
  9121 | D:9      | Reached skill level 9 in Stealth
  9125 | D:9      | Reached ** piety under Wu Jian
  9264 | D:9      | Noticed a two-headed ogre
  9277 | D:9      | Slain by a two-headed ogre

Illustrated notes

Levels and vault maps discovered:
D:1:      nagdon_arrival_double_spiral, layout_loops_ring,
          shapermc_ecumenical_altar_ellora, serial_shops,
          nicolae_shop_bloodbath_and_beyond, amcnicky_mini_rare_corridor_liquid
D:2:      layout_loops_ring, minmay_stone_trees_small, uniq_jessica,
          uniq_sigmund
D:3:      layout_loops_ring, okawaru_metal_pillars_3
D:4:      layout_loops_cross, minmay_temple_entry_proselytizer,
          serial_bayou_pond_b, roderic_lattice_a
D:5:      layout_basic, kiku_gazebo_pond_becter, kennysheep_mini
D:6:      layout_basic, minmay_overflow_temple_hex,
          kennysheep_decorative_pillar, sigmund_army
D:7:      layout_gridville, minmay_misc_feat_columns
D:8:      layout_basic, mainiacjoe_overflow_chevrons, serial_curves,
          eino_curves_04, eino_curves_02
D:9:      layout_loops_ring, grunt_lair_entry_orc_guard_hut, serial_rivers,
          chequers_serial_rivers_micro_d, chequers_serial_rivers_micro_c,
          chequers_serial_rivers_small_a, chequers_serial_rivers_micro_a,
          chequers_serial_rivers_small_b
Temple:   nicolae_temple_godzebo

Skill      XL: |  1  2  3  4  5  6  7  8  9 |
---------------+----------------------------+-----
Fighting       | 1 2 3 4 5 |  5.3
Short Blades   | 2 3 4 5 6 7 |  7.3
Stealth        | 5 6 7 8 9 |  9.0
Hexes          | 5 6 7 8 |  8.9
Spellcasting   | 3 4 |  4.7
Ice Magic      | 1 2 |  2.0
Throwing       | 1 |  1.9
Shields        | 1 2 |  2.0
Evocations     | 1 2 |  2.1
Dodging        | 3 |  3.6

Action                     |  1- 3 |  4- 6 |  7- 9 || total
---------------------------+-------+-------+-------++-------
  Melee: Dagger            |    80 |    69 |   246 ||   395
         Bite              |     4 |     4 |    30 ||    38
         Punch             |     1 |       |       ||     1
   Cast: Ensorcelled Hiber |    13 |    29 |    70 ||   112
         Confusing Touch   |     1 |       |    13 ||    14
         Tukima's Dance    |       |       |     9 ||     9
Ability: Lunge             |       |     3 |    37 ||    40
         Whirlwind         |       |       |     1 ||     1
  Evoke: Wand              |       |       |     6 ||     6
    Use: Scroll            |     1 |     6 |     9 ||    16
         Potion            |       |       |     1 ||     1
   Stab: Sleeping          |    12 |    39 |    47 ||    98
         Distracted        |       |     1 |     3 ||     4
         Confused          |       |       |     9 ||     9
 Armour: Robe              |     8 |     9 |    11 ||    28
  Dodge: Dodged            |    40 |    20 |    85 ||   145
  Block: Buckler           |       |       |    31 ||    31

Table legend: (Time is in decaauts)
 A = Elapsed time spent in this place.
 B = Non-inter-level travel time spent in this place.
 C = Inter-level travel time spent in this place.
 D = Time resting spent in this place.
 E = Time spent auto-exploring this place.
 F = Levels seen in this place.
 G = Mean time per level.
                   A        B        C        D        E       F      G
               +--------+--------+--------+--------+--------+-----+--------+
         Total |   9210 |   8919 |    291 |    465 |   7109 |  10 |  921.0 |
       Dungeon |   9064 |   8802 |    262 |    465 |   7011 |   9 | 1007.1 |
        Temple |    145 |    116 |     29 |      0 |     98 |   1 |  145.0 |
               +--------+--------+--------+--------+--------+-----+--------+

Top non-repeatable levels by time:
     D:6: 1543 daAuts
     D:8: 1487 daAuts
     D:2: 1015 daAuts
     D:5: 974 daAuts
     D:1: 919 daAuts
     D:3: 902 daAuts
     D:4: 891 daAuts
     D:7: 807 daAuts
     D:9: 522 daAuts
  Temple: 145 daAuts
